 Dungeon Crawl Stone Soup version 0.29.1-15-g9cfb28693d (webtiles) character file.

Game seed: 10757862364526055697

12437 LustLizard the Transmogrifier (level 11, 0/91 HPs)
             Began as a Demigod Transmuter on Mar 29, 2023.
             Slain by a yak (2 damage)
             ... on level 1 of the Lair of Beasts.
             The game lasted 00:36:10 (17257 turns).

LustLizard the Transmogrifier (Demigod Transmuter) Turns: 17257, Time: 00:36:10

Health: 0/91       AC: 12    Str: 19    XL:     11   Next: 36%
Magic:  21/24      EV: 12    Int: 19    God:
Gold:   454        SH:  0    Dex: 14    Spells: 10/22 levels left

rFire   + . .      SeeInvis +     - Unarmed
rCold   . . .      Faith    .   (shield currently unavailable)
rNeg    . . .      Spirit   .   q - +2 robe of the Furrier {rF+ rCorr SInv}
rPois   +          Reflect  .   w - +0 helmet
rElec   .          Harm     .   I - +0 cloak
rCorr   +          Rampage  .   (gloves currently unavailable)
Will    +....                   j - +1 pair of boots
Stlth   +.........              M - amulet of regeneration
HPRegen 1.05/turn               c - +4 ring of protection
MPRegen 0.19/turn               x - ring of poison resistance

@: lethally poisoned (0 -> -1), blade hands, wereblooded
A: high MP 1, forlorn, divine attributes
a: End Transformation


You were on level 1 of the Lair of Beasts.
You had blades for hands.
You visited 2 branches of the dungeon, and saw 12 of its levels.
You also visited: Sewer.

You collected 606 gold pieces.
You spent 152 gold pieces at shops.

Inventory:

Missiles
 i - 24 poisoned darts
 C - a curare-tipped dart
Armour
 j - a +1 pair of boots (worn)
 q - the +2 robe of the Furrier (worn) {rF+ rCorr SInv}
   (You took it off an orc on level 9 of the Dungeon)

   rF:        It protects you from fire.
   SInv:      It lets you see invisible.
   rCorr:     It protects you from acid and corrosion.
 w - a +0 helmet (worn)
 I - a +0 cloak (worn)
 L - the +3 hat of Pondering {ponderous, Will+ MP+10 Int+5}
   (You took it off Gastronok on level 9 of the Dungeon)

   Int:       It affects your intelligence (+5).
   MP:        It affects your magic capacity (+10).
   Will:      It increases your willpower.
Jewellery
 c - a +4 ring of protection (left blade hand)
 x - a ring of poison resistance (right blade hand)
 E - an amulet of reflection
 F - an amulet of magic regeneration
 M - an amulet of regeneration (around neck)
Wands
 e - a wand of paralysis (10)
 k - a wand of acid (2)
 o - a wand of polymorph (3)
 r - a wand of mindburst (9)
Scrolls
 f - 3 scrolls of fog
 h - 4 scrolls of teleportation
 l - a scroll of immolation
 p - 2 scrolls of silence {unknown}
 t - 2 scrolls of fear {unknown}
 u - a scroll of enchant weapon
 v - 2 scrolls of poison {unknown}
 y - 3 scrolls of magic mapping
 H - a scroll of enchant armour
 K - a scroll of vulnerability
Potions
 a - 4 potions of brilliance
 b - 3 potions of lignification
 d - 8 potions of curing
 g - 4 potions of might
 n - 5 potions of flight
 s - a potion of invisibility
 z - 4 potions of attraction
 A - a potion of magic
 B - 2 potions of berserk rage
 D - a potion of cancellation
 G - 2 potions of resistance
 J - 2 potions of mutation


   Skills:
 + Level 6.4 Fighting
 + Level 2.2 Armour
 - Level 1.7 Dodging
 * Level 9.0 Unarmed Combat
 + Level 6.2 Spellcasting
 + Level 3.8 Hexes
 * Level 3.4 Translocations
 + Level 9.1 Transmutations
 + Level 4.8 Evocations


You had 10 spell levels left.
You knew the following spells:

 Your Spells              Type           Power      Damage    Failure   Level
b - Wereblood             Tmut           40%        N/A       11%         2
c - Tukima's Dance        Hex            20%        N/A       38%         3
d - Blink                 Tloc           38%        N/A       30%         2
e - Blade Hands           Tmut           20%        N/A       38%         5

Your spell library contained the following spells:

 Spells                   Type           Power      Damage    Failure   Level
 Beastly Appendage        Tmut           80%        N/A       10%         1
 Passwall                 Tmut/Erth      19%        N/A       24%         2
 Spider Form              Tmut/Pois      23%        N/A       32%         3
 Ensorcelled Hibernation  Hex/Ice        26%        N/A       41%         2
 Lesser Beckoning         Tloc           19%        N/A       41%         3
 Portal Projectile        Hex/Tloc       38%        N/A       41%         3
 Ice Form                 Ice/Tmut       23%        N/A       58%         4
 Call Canine Familiar     Summ           5%         N/A       75%         3
 Swiftness                Air            5%         N/A       75%         3
 Leda's Liquefaction      Hex/Erth       6%         N/A       85%         4
 Manifold Assault         Tloc           19%        N/A       91%         5
 Summon Forest            Summ/Tloc      6%         N/A       98%         5
 Summon Mana Viper        Hex/Summ       13%        N/A       98%         5
 Summon Cactus Giant      Summ           2%         N/A       100%        6


Dungeon Overview and Level Annotations

Branches:
Dungeon (11/15)            Temple (0/1) D:5            Lair (1/5) D:8
    Orc (0/2) D:10          Sewer (visited)

Shops:
D:1 (?   D:2 ?(*   D:5 (


Innate Abilities, Weirdness & Mutations

You have blades for hands.
Your spellcasting is less reliable in this form.
You are incapable of wielding weapons or throwing items.
You have an increased reservoir of magic. (+10% MP)
You shall have no god before yourself.
Your divine heritage dramatically boosts your attributes as you level up.


Message History

A water moccasin comes into view.
You slash the yak!
The yak is moderately wounded.
You feel very sick.
You shred the yak!!!
You feel a bit better.
You kill the yak!
You feel sick.
A yak comes into view.
The yak bellows!
You slash the yak!
The yak is heavily wounded.
You feel sick. The yak misses you.
You barely miss the yak.
The yak is heavily wounded.
You feel sick. The yak closely misses you. The yak completely misses you.
You hit the yak but do no damage.
The yak is heavily wounded.
You feel sick.
The yak gores you but does no damage. x2
You slash the yak! You slash the yak.
The yak is almost dead.
You feel sick. The yak completely misses you. The yak gores you.
You slice the yak!!
You feel a bit better.
You kill the yak!
You feel sick.
You slice the yak!!
The yak is heavily wounded.
You howl as the wereblood boils in your veins!
You feel sick. The yak barely misses you. The komodo dragon bites you!
You hit the komodo dragon but do no damage.
The yak completely misses you. The komodo dragon barely misses you.
You shred the komodo dragon!!!
The komodo dragon is almost dead.
You feel sick. The yak gores you!
* * * LOW HITPOINT WARNING * * *
The komodo dragon bites you!!
* * * LOW HITPOINT WARNING * * *
You shred the komodo dragon!!!
You feel a bit better.
You kill the komodo dragon!
You feel sick. The yak gores you.
You die... .. .. #......#. .# ##.......> ##.## . #.......#.. ....#.. #.#.......# YY...#. #.#.......## YYY....

...#.......##SYY...#
#..#......†@Y# #
#........###
##.#.......##
#P.#......##
#.......##
####.....##
#.^[....##
#....#..####
#....##.††.#


You could see 8 yaks and a water moccasin.

Vanquished Creatures
  Gastronok (D:9)
  A centaur warrior (D:11)
  A two-headed ogre (D:9)
  A tengu warrior (D:11)
  An ugly thing (D:11)
  2 manticores (D:11)
  A cyclops (D:11)
  A black mamba (Lair:1)
  A kobold demonologist (D:9)
  2 komodo dragons (Lair:1)
  2 trolls
  Grinder (D:4)
  A wraith (D:10)
  Sigmund (D:3)
  8 yaks
  3 wyverns
  The ghost of Carnifexus the Sneak, an amateur MiDe (D:6)
  A steam dragon (D:7)
  A water moccasin (D:7)
  A swamp drake (D:10)
  An ice beast (D:8)
  4 black bears
  3 orc warriors
  3 ogres
  6 wolves (Lair:1)
  3 centaurs
  A phantom (D:7)
  Blork the orc (D:5)
  3 kobold brigands
  7 bullfrogs
  2 gnoll sergeants
  2 scorpions
  7 wights
  4 electric eels (D:10)
  A jelly (D:7)
  A gnoll bouda (D:8)
  4 hounds
  4 orc priests
  Crazy Yiuf (D:7)
  An iguana (D:6)
  11 orc wizards
  13 gnolls
  14 adders
  3 river rats (Sewer)
  2 white imps
  2 worms
  52 orcs
  13 ball pythons
  3 bats
  10 endoplasms
  3 giant cockroaches
  12 goblins
  6 hobgoblins
  3 jackals (D:1)
  24 kobolds
  3 quokkas
  5 frilled lizards
  27 rats
297 creatures vanquished.

Vanquished Creatures (others)
  13 fungi (D:9)
  3 plants
16 creatures vanquished.

Grand Total: 313 creatures vanquished

Notes
Turn   | Place    | Note
-------+----------+-------------------------------------------
     0 | D:1      | LustLizard the Demigod Transmuter began the quest for the
                  | Orb.
     0 | D:1      | Reached XP level 1. HP: 15/15 MP: 5/5
    43 | D:1      | Reached skill level 1 in Fighting
   385 | D:1      | Found Item Durapp's Magic Scroll Boutique.
   416 | D:1      | Found Goveneigef's Weapon Boutique.
   474 | D:1      | Reached XP level 2. HP: 23/23 MP: 5/7
   495 | D:1      | Learned a level 2 spell: Wereblood
  1188 | D:2      | Reached XP level 3. HP: 28/28 MP: 6/8
  1241 | D:2      | Noticed Sigmund
  1433 | D:2      | Found Anaummefao's General Store.
  1567 | D:1      | Bought a scroll of identify for 22 gold pieces
  1827 | D:2      | Found Saur Uth's Magic Scroll Shop.
  2239 | D:2      | Found Zoargh's Weapon Emporium.
  2543 | D:3      | Reached XP level 4. HP: 35/35 MP: 7/10
  4453 | D:4      | Noticed Grinder
  4758 | D:5      | Entered Level 5 of the Dungeon
  4758 | D:5      | Noticed a black bear
  4758 | D:5      | Noticed a black bear
  4771 | D:4      | Reached XP level 5. HP: 21/41 MP: 8/11
  5073 | D:5      | Killed a black bear
  5079 | D:5      | Killed a black bear
  5080 | D:5      | Reached skill level 1 in Evocations
  5080 | D:5      | Reached XP level 6. HP: 32/50 MP: 11/13
  5084 | D:5      | Learned a level 3 spell: Tukima's Dance
  5334 | D:5      | Noticed Blork the orc
  5340 | D:5      | Killed Blork the orc
  5390 | D:5      | Found a staircase to the Ecumenical Temple.
  5610 | D:5      | Found Xeruotso's Antique Weapon Boutique.
  5665 | D:5      | Reached XP level 7. HP: 32/56 MP: 14/14
  5876 | D:5      | Reached skill level 1 in Hexes
  6228 | D:1      | Bought a scroll of teleportation for 33 gold pieces
  6287 | D:2      | Bought a scroll of blinking for 97 gold pieces
  6378 | D:6      | Found a glowing drain.
  6382 | Sewer    | Entered a sewer
  6751 | Sewer    | Reached skill level 5 in Transmutations
  7215 | D:6      | Learned a level 2 spell: Blink
  7216 | D:6      | Found a runed translucent door.
  7216 | D:6      | Noticed Carnifexus's ghost (amateur MiDe)
  7313 | D:6      | Reached XP level 8. HP: 62/63 MP: 14/16
  7941 | D:3      | Killed Sigmund
  7942 | D:3      | Reached skill level 5 in Unarmed Combat
  8220 | D:4      | Paralysed by Grinder for 5 turns
  8231 | D:4      | Killed Grinder
  8449 | D:7      | Found a runed translucent door.
  8450 | D:7      | Noticed Crazy Yiuf
  9553 | D:7      | Killed Crazy Yiuf
  9660 | D:7      | Reached XP level 9. HP: 59/71 MP: 19/19
  9722 | D:7      | Learned a level 5 spell: Blade Hands
 11030 | D:8      | Found a staircase to the Lair.
 11795 | D:9      | Reached skill level 5 in Spellcasting
 11858 | D:9      | Noticed Gastronok
 11858 | D:9      | Noticed a kobold demonologist
 11871 | D:9      | Identified the +2 robe of the Furrier {rF+ rCorr SInv}
 11877 | D:9      | Reached skill level 5 in Fighting
 12417 | D:9      | Noticed a two-headed ogre
 12430 | D:9      | Killed a two-headed ogre
 12961 | D:9      | Killed a kobold demonologist
 12962 | D:9      | Reached XP level 10. HP: 63/81 MP: 21/21
 12971 | D:10     | Entered Level 10 of the Dungeon
 14508 | D:10     | Found a staircase to the Orcish Mines.
 15886 | D:6      | Killed Carnifexus's ghost
 16047 | D:9      | Killed Gastronok
 16048 | D:9      | Reached skill level 1 in Translocations
 16457 | D:11     | Noticed a purple ugly thing
 16466 | D:11     | Killed a purple ugly thing
 16467 | D:11     | Reached skill level 1 in Armour
 16539 | D:11     | Noticed a manticore
 16573 | D:11     | Noticed a cyclops
 16588 | D:11     | Killed a cyclops
 16857 | D:11     | Noticed a manticore
 16864 | D:11     | Killed a manticore
 16878 | D:11     | Reached XP level 11. HP: 89/89 MP: 20/23
 16887 | D:11     | Noticed a tengu warrior
 16893 | D:11     | Killed a tengu warrior
 16901 | D:11     | Noticed a centaur warrior
 16905 | D:11     | Killed a centaur warrior
 16909 | D:11     | HP: 4/89 [meliai/+7 vorpal mace (13)]
 16911 | D:11     | Noticed a five-headed hydra
 17182 | Lair:1   | Entered Level 1 of the Lair of Beasts
 17256 | Lair:1   | HP: 1/91 [komodo dragon (26)]
 17257 | Lair:1   | Slain by a yak

Illustrated notes

Levels and vault maps discovered:
D:1:      ncdulo_smallfort, layout_basic, serial_shops, nicolae_square_shop,
          nicolae_shop_temple_entry_statues_fountains, basic_ecumenical_altar
D:2:      layout_loops_ring, basic_altar, serial_shops,
          nicolae_shop_behind_doors, nicolae_diamond_shop, shop, uniq_sigmund
D:3:      layout_basic, nicolae_overflow_hallway_of_the_gods,
          mainiacjoe_overflow_alcove_4
D:4:      layout_basic, mainiacjoe_overflow_concentric_impassable, uniq_grinder
D:5:      layout_rooms, okawaru_altar_gauntlet_db, temple_hall, serial_shops,
          nicolae_square_shop, uniq_blork_the_orc
D:6:      layout_gridville, gup_sewer_entry_bowl, hellmonk_ghost_happy_afterlife
D:7:      layout_basic, grunt_ministairs_9, uniq_crazy_yiuf_cottage
D:8:      layout_loops_ring, lair_entry_dummy
D:9:      layout_basic, fedhas_altar_3, dk_noncrumbling_3, uniq_gastronok
D:10:     layout_basic, erik_orc_1
D:11:     minmay_the_grid_triangle_9x9_rhombus_thin_mashed
          [minmay_the_grid_triangle_9x9_stretched_checkered,
          minmay_the_grid_triangle_9x9_prize_center,
          minmay_the_grid_triangle_9x9_dagger,
          minmay_the_grid_triangle_9x9_steps], layout_basic
Lair:1:   layout_misc_corridors, serial_bayou_ford_a

Skill      XL: |  1  2  3  4  5  6  7  8  9 10 11 |
---------------+----------------------------------+-----
Fighting       | 1 2 3 4 5 6 |  6.4
Transmutations | 2 3 4 5 6 7 8 9 |  9.1
Unarmed Combat | 3 4 5 7 8 9 |  9.0
Spellcasting   | 2 3 4 5 6 |  6.2
Evocations     | 1 2 3 4 |  4.8
Hexes          | 2 3 |  3.8
Translocations | 2 3 |  3.4
Armour         | 1 2 |  2.2
Dodging        | |  1.7

Action                   |  1- 3 |  4- 6 |  7- 9 | 10-12 || total
-------------------------+-------+-------+-------+-------++-------
Melee: Unarmed           |    96 |   108 |   470 |   192 ||   866
       Kick              |    23 |    31 |   127 |       ||   181
       Headbutt          |     9 |    19 |    65 |       ||    93
       Punch             |     1 |     3 |    15 |     8 ||    27
Throw: Dart              |       |     4 |       |       ||     4
 Cast: Beastly Appendage |    31 |    32 |    51 |       ||   114
       Wereblood         |     2 |     4 |    13 |    10 ||    29
       Tukima's Dance    |       |       |     1 |       ||     1
       Blade Hands       |       |       |     2 |    21 ||    23
Evoke: Wand              |       |     7 |    11 |       ||    18
  Use: Scroll            |     3 |     7 |     7 |    10 ||    27
       Potion            |       |       |     5 |     2 ||     7
 Stab: Sleeping          |     1 |       |       |       ||     1
       Distracted        |       |       |       |     2 ||     2
Armor: Robe              |    19 |       |    90 |    46 ||   155
       Leather armour    |    10 |    48 |   112 |       ||   170
Dodge: Dodged            |    48 |    52 |   258 |    86 ||   444
